 Dungeon Crawl Stone Soup version 0.30-a0-964-gd452b5e7fa (webtiles) character file.

Game seed: 330978002501420788

36 123456 the Trooper (level 3, -2/28 (33) HPs)
             Began as a Minotaur Fighter on Mar 30, 2023.
             Slain by a goblin
             ... wielding a +2 dagger of draining
             ... led by Robin
              (8 damage)
             ... on level 2 of the Dungeon.
             The game lasted 00:00:43 (361 turns).

123456 the Trooper (Minotaur Fighter)                Turns: 361, Time: 00:00:44

HP:   -2/28 (33)    AC:  7    Str: 22    XL:     3   Next: 19%
MP:   2/2           EV:  9    Int:  5    God:
Gold: 10            SH:  4    Dex:  9    Spells: 2/2 levels left

rFire   . . .      SeeInvis .    a - +0 flail
rCold   . . .      Faith    .    c - +0 buckler
rNeg    . . .      Spirit   .    b - +0 scale mail
rPois   .          Reflect  .    (helmet restricted)
rElec   .          Rampage  .    (no cloak)
rCorr   .                        (no gloves)
Will    .....                    (no boots) Stlth
                                 (no amulet)
HPRegen 0.24/turn                (no ring)
MPRegen 0.08/turn                (no ring)

@: heavily drained
A: horns 2, retaliatory headbutt
a: no special abilities


You were on level 2 of the Dungeon.
You visited 1 branch of the dungeon, and saw 2 of its levels.

You collected 10 gold pieces.

Inventory:

Hand Weapons
 a - a +0 flail (weapon)
Armour
 b - a +0 scale mail (worn)
 c - a +0 buckler (worn)
Scrolls
 e - a scroll of brand weapon {unknown}
 g - a scroll of fog {unknown}
Potions
 d - 2 potions of might
 f - 3 potions of curing {unknown}


   Skills:
 * Level 4.2 Fighting
 * Level 3.2 Maces & Flails
 + Level 4.0 Armour
 + Level 1.1 Dodging
 - Level 3.6 Shields


You had 2 spell levels left.
You didn't know any spells.
Your spell library was empty.

Dungeon Overview and Level Annotations

Branches:
Dungeon (1/15)

Altars:
Trog


Innate Abilities, Weirdness & Mutations

You have a pair of horns on your head.
You reflexively headbutt those who attack you in melee.


Message History

You closely miss Robin. Your headbutt misses Robin.
Robin throws the goblin at you!
The goblin hits you with a +2 dagger of draining.
You feel drained.
You sock Robin!
Robin is heavily wounded.
Robin hits you with a +0 spear.
The goblin hits you with a +2 dagger of draining.
You feel drained. The goblin hits you but does no damage.
You feel drained. Robin hits you with a +0 spear.
You are too injured to fight recklessly!
You are too injured to fight recklessly!
Unknown command.
You hit Robin. You headbutt Robin, but do no damage.
Robin is severely wounded.
You block Robin's attack.
The goblin hits you with a +2 dagger of draining.
* * * LOW HITPOINT WARNING * * *
You feel drained.
You barely miss Robin.
Robin is severely wounded.
Robin closely misses you. You furiously retaliate!
You headbutt Robin.
You kill Robin!
The goblin barely misses you.
Your Armour skill increases to level 4!
You have reached level 3!
Your experience leads to an increase in your attributes!
Increase (S)trength, (I)ntelligence, or (D)exterity?
You feel stronger. x2
You barely miss the goblin. The goblin closely misses you.
The goblin hits you with a +2 dagger of draining.
* * * LOW HITPOINT WARNING * * *
You feel drained.
* * * LOW HITPOINT WARNING * * *
You closely miss the goblin. The goblin completely misses you.
You closely miss the goblin. The goblin hits you but does no damage.
You feel drained.
You closely miss the goblin.
The goblin hits you with a +2 dagger of draining!
You die...

#.......##.#
#.......##.# #.._.....#
##.....#....
#......#####
###.#..##.#
#..###....###
####.#####.#.#.........
......)@g.....##.######
.###.#)###^#### .# #.
#.# #.# #. #.. .# ..
#### ## .. ... ..#


You could see a goblin (strong).

Vanquished Creatures
  Robin (D:2)
  An endoplasm (D:1)
  7 goblins
  6 hobgoblins
  A quokka (D:1)
  A frilled lizard (D:2)
  5 rats (D:1)
22 creatures vanquished.

Notes
Turn   | Place    | Note
-------+----------+-------------------------------------------
     0 | D:1      | 123456 the Minotaur Fighter began the quest for the Orb.
     0 | D:1      | Reached XP level 1. HP: 19/19 MP: 0/0
    90 | D:1      | Reached XP level 2. HP: 21/27 MP: 1/1
   294 | D:1      | You fall into a shaft and drop 1 floor!
   310 | D:2      | Found a bloodstained altar of Trog.
   329 | D:2      | Noticed Robin
   347 | D:2      | Reached skill level 1 in Dodging
   357 | D:2      | Killed Robin
   358 | D:2      | Reached XP level 3. HP: 9/30 MP: 2/2
   361 | D:2      | Slain by a goblin

Illustrated notes

Levels and vault maps discovered:
D:1:      dpeg_arrival_ratfight, layout_basic, lexackson_kobold_supper
D:2:      layout_loops_cross, basic_altar, serial_shops, nicolae_diamond_shop,
          uniq_robin

Skill      XL: |  1  2 |
---------------+-------+-----
Fighting       | 4 |  4.2
Maces & Flails | 3 |  3.2
Dodging        | 1 |  1.1
Armour         | 4 |  4.0
Shields        | |  3.6

Action                     || total
---------------------------++-------
  Melee: Flail             ||    53
         Headbutt          ||     7
 Armour: Scale mail        ||    28
  Dodge: Dodged            ||    22
  Block: Buckler           ||    12

Table legend: (Time is in decaauts)
 A = Elapsed time spent in this place.
 B = Non-inter-level travel time spent in this place.
 C = Inter-level travel time spent in this place.
 D = Time resting spent in this place.
 E = Time spent auto-exploring this place.
 F = Levels seen in this place.
 G = Mean time per level.
                   A        B        C        D        E       F      G
               +--------+--------+--------+--------+--------+-----+--------+
         Total |    377 |    377 |      0 |      0 |    271 |   2 |  188.5 |
       Dungeon |    377 |    377 |      0 |      0 |    271 |   2 |  188.5 |
               +--------+--------+--------+--------+--------+-----+--------+

Top non-repeatable levels by time:
     D:1: 301 daAuts
     D:2: 76 daAuts
